 Dungeon Sprint DCSS version 0.30-a0-949-g53dc5368d7 (webtiles) character file.

Game seed: 12647258690200461255

133 retardedninja the Chopper (level 5, -1/51 HPs)
             Began as a Hill Orc Fighter on Mar 27, 2023.
             Slain by a black bear (5 damage)
             ... in the Dungeon (Sprint IX: "|||||||||||||||||||||||||||||").
             The game lasted 00:00:27 (45 turns).

retardedninja the Chopper (Hill Orc Fighter)          Turns: 45, Time: 00:00:28

Health: -1/51      AC:  7    Str: 21    XL:     5   Next: 16%
Magic:  5/5        EV:  9    Int:  8    God:
Gold:   0          SH:  5    Dex: 10    Spells: 4/4 levels left

rFire   . . .      SeeInvis .    a - +0 war axe
rCold   . . .      Faith    .    c - +0 buckler
rNeg    . . .      Spirit   .    b - +0 scale mail
rPois   .          Reflect  .    (no helmet)
rElec   .          Rampage  .    (no cloak)
rCorr   .          NoTele   +    (no gloves)
Will    .....                    (no boots) Stlth
                                 (no amulet)
HPRegen 0.28/turn                (no ring)
MPRegen 0.09/turn                (no ring)

@: no status effects
A: no striking features
a: no special abilities


You were in the Dungeon.
You visited 1 branch

Inventory:

Hand Weapons
 a - a +0 war axe (weapon)
Armour
 b - a +0 scale mail (worn)
 c - a +0 buckler (worn)
Scrolls
 j - a scroll of blinking
Potions
 d - a potion of might
 e - a potion of curing
 f - a potion of heal wounds
 g - a potion of haste
 h - 2 potions of magic
 i - a potion of berserk rage


   Skills:
 + Level 6.9 Fighting
 + Level 6.9 Axes
 + Level 6.3 Armour
 + Level 6.3 Shields


You had 4 spell levels left.
You didn't know any spells.
Your spell library was empty.

Dungeon Overview and Level Annotations

Branches:
Dungeon (1/1)

Altars:


Message History

You slash the hound!
You kill the hound!
The black bear bites you but does no damage.
The black bear claws you.
The black bear claws you but does no damage.
Your Armour skill increases to level 6!
Your Shields skill increases to level 6!
You have reached level 5!
You feel stronger.
Unknown command.
You barely miss the black bear. The black bear bites you.
* * * LOW HITPOINT WARNING * * *
The black bear barely misses you.
The black bear claws you but does no damage.
You hit the black bear.
The black bear is lightly wounded.
The black bear bites you but does no damage.
The black bear closely misses you. x2
You hit the black bear.
The black bear is moderately wounded.
The black bear bites you.
* * * LOW HITPOINT WARNING * * *
The black bear barely misses you.
The black bear claws you but does no damage.
You closely miss the black bear.
The black bear is moderately wounded.
You block the black bear's attack. The black bear claws you.
* * * LOW HITPOINT WARNING * * *
The black bear claws you but does no damage.
You slash the black bear!
The black bear is severely wounded.
The black bear goes berserk!
The black bear bites you.
* * * LOW HITPOINT WARNING * * *
You block the black bear's attack.
The black bear claws you but does no damage.
You slash the black bear!
The black bear is almost dead.
The black bear closely misses you. The black bear barely misses you.
The black bear claws you.
You die... ▓▓▓▓▓▓▓▓▓▓▓▓▓▓▓▓▓▓ ▓<...)....@ho....+ ▓▓▓▓▓▓▓▓▓▓▓▓▓▓▓▓▓▓

You could see a black bear (berserk) and an orc.

Vanquished Creatures
  A phantom (D)
  A hound (D)
  An iguana (D)
  A bat (D)
  A hobgoblin (D)
  2 ball pythons (D)
  A goblin (D)
8 creatures vanquished.

Notes
Turn   | Place    | Note
-------+----------+-------------------------------------------
     0 | D        | retardedninja the Hill Orc Fighter began the quest for the
                  | Orb.
     0 | D        | Reached XP level 1. HP: 19/19 MP: 1/1
    18 | D        | Noticed an iguana
    18 | D        | Noticed a phantom
    18 | D        | Noticed a hound
    18 | D        | Noticed a black bear
    22 | D        | Killed an iguana
    23 | D        | Reached skill level 5 in Fighting
    23 | D        | Reached XP level 2. HP: 9/29 MP: 2/2
    23 | D        | Reached XP level 3. HP: 11/36 MP: 3/3
    36 | D        | Killed a phantom
    37 | D        | Reached skill level 5 in Armour
    37 | D        | Reached skill level 5 in Shields
    37 | D        | Reached XP level 4. HP: 16/45 MP: 4/4
    40 | D        | Reached XP level 5. HP: 16/51 MP: 5/5
    45 | D        | Slain by a black bear

Illustrated notes

Levels and vault maps discovered:
D:        linesprint [early_d, line_temple, items_1, d_10, items_2, lair_1,
          lair_end, items_3, orc_1, orc_end, items_4, d_15, swamp_1, shoals_1,
          snake_1, spider_1, d_20, vaults_1, items_5, swamp_end, shoals_end,
          snake_end, spider_end, vaults_end, d_27, items_6, zot_1, zot_end,
          crypt_end, forest_end, elf_end, slime_end, tomb_end, abyss_end,
          pan_hell_end]

Skill      XL: |  1  2  3  4 |
---------------+-------------+-----
Axes           | 4 6 |  6.9
Fighting       | 5 6 |  6.9
Armour         | 4 5 6 |  6.3
Shields        | 4 5 6 |  6.3

Action                     |  1- 3 |  4- 6 || total
---------------------------+-------+-------++-------
  Melee: War axe           |    26 |     9 ||    35
 Armour: Scale mail        |    13 |     9 ||    22
  Dodge: Dodged            |    10 |     7 ||    17
  Block: Buckler           |     6 |     2 ||     8

Table legend: (Time is in decaauts)
 A = Elapsed time spent in this place.
 B = Non-inter-level travel time spent in this place.
 C = Inter-level travel time spent in this place.
 D = Time resting spent in this place.
 E = Time spent auto-exploring this place.
 F = Levels seen in this place.
 G = Mean time per level.
                   A        B        C        D        E       F      G
               +--------+--------+--------+--------+--------+-----+--------+
         Total |     55 |     55 |      0 |      0 |      0 |   1 |   55.0 |
       Dungeon |     55 |     55 |      0 |      0 |      0 |   1 |   55.0 |
               +--------+--------+--------+--------+--------+-----+--------+

Top non-repeatable levels by time:
       D: 55 daAuts
